 Dungeon Crawl Stone Soup version 0.25-a0-1119-g28b6fd0c3b (webtiles) character file.

Game seed: 18166097755705311242, levelgen mode: deterministic

149 vurker the Grave Robber (level 5, -2/37 HPs)
             Began as a Vampire Necromancer on May 18, 2020.
             Killed by divine providence
             ... invoked by an orc priest
              (11 damage)
             ... on level 3 of the Dungeon.
             The game lasted 00:05:39 (2358 turns).

vurker the Grave Robber (Vampire Necromancer)       Turns: 2358, Time: 00:05:40

Health: -2/37      AC:  3    Str:  7    XL:     5   Next: 9%
Magic:  6/9        EV: 27    Int: 18    God:
Gold:   105        SH:  0    Dex: 15    Spells: 2/10 levels left

rFire    . . .     SeeInvis +   a - +0 spear
rCold    . . .     Gourm    .   (no shield)
rNeg     . . .     Faith    .   f - +0 leather armour
rPois    .         Spirit   .   (no helmet)
rElec    .         Reflect  .   (no cloak)
rCorr    .         Harm     .   (no gloves)
MR       .....                  (no boots)
Stlth    ++........             j - amulet of the acrobat
HPRegen  0.32/turn              (no ring)
MPRegen  0.11/turn              (no ring)

@: acrobat, regenerating quickly
A: no food, fangs 3, see invisible, unbreathing
a: Exsanguinate


You were on level 3 of the Dungeon.
You were alive.

You visited 1 branch of the dungeon, and saw 3 of its levels.

You collected 105 gold pieces.

Inventory:

Hand Weapons
 a - a +0 spear (weapon)
   (You found it on level 1 of the Dungeon)
Armour
 f - a +0 leather armour (worn)
   (You found it on level 1 of the Dungeon)
Jewellery
 d - an uncursed ring of stealth {unknown}
   (You found it on level 2 of the Dungeon)
 g - an uncursed ring of ice
   (You found it on level 1 of the Dungeon)
 j - an amulet of the acrobat (around neck)
   (You found it on level 2 of the Dungeon)
Scrolls
 b - a scroll of magic mapping {unknown}
 c - 3 scrolls of teleportation
 h - a scroll of amnesia {unknown}
Potions
 e - 2 potions of haste
 i - a potion of brilliance {unknown}
 l - a potion of heal wounds {unknown}


   Skills:
 + Level 1.4 Fighting
 + Level 1.2 Polearms
 - Level 2.1 Dodging
 - Level 3.0 Stealth
 * Level 3.3 Spellcasting
 * Level 5.4 Necromancy


You had 2 spell levels left.
You knew the following spells:

 Your Spells              Type           Power        Failure   Level  Hunger
a - Pain                  Necr           ###.         2%          1    N/A
c - Vampiric Draining     Necr           ###.......   8%          3    N/A
q - Animate Dead          Necr           N/A          26%         4    N/A

Your spell library contained the following spells:

 Spells                   Type           Power        Failure   Level  Hunger
 Animate Skeleton         Necr           N/A          2%          1    N/A
 Agony                    Necr           ###.....     56%         5    N/A

Dungeon Overview and Level Annotations

Branches:
Dungeon (3/15)

Altars:
Elyvilon
Fedhas
Qazlal


Innate Abilities, Weirdness & Mutations

You do not eat.
Your natural rate of healing is unusually fast.
You have razor-sharp teeth.
You have supernaturally acute eyesight. (SInv)
You can survive without breathing.


Message History

The spell is extremely dangerous to cast (26% risk of failure)!
Continue anyway?
You call on the dead to rise...
The dead are walking!
An orc priest comes into view. It is wielding a +0 flail.
The orc priest shouts!
You hear a shout!
Found two stone staircases leading down. 2 orcs come into view.
The orc shouts!
The orc priest invokes the aid of Beogh against you.
Pain shoots through your body! The orc priest completely misses you.
You closely miss the orc priest. You hit the orc but do no damage.
You bite the orc. The orc barely misses you.
Aim: an orc, wielding a +0 whip and wearing a +0 scale mail (moderately wounded, chance to defeat MR: 91%)
The orc barely resists.
The orc priest barely misses you. The orc hits you with a +0 whip.
You hit the orc priest.
The orc hits your rat zombie with a cursed -3 flail.
Your rat zombie closely misses the orc priest.
The orc priest mumbles some strange prayers to Beogh against you.
Beogh smites you!
* * * LOW HITPOINT WARNING * * *
The orc misses you. What are your orders? t - Shout!
Orders for allies: a - Attack new target. p - Attack previous target. r - Retreat! s - Stop attacking. g - Guard the area. f - Follow me.
Anything else - Cancel.
Gang up on whom?
Aim: an orc priest, wielding a +0 flail (lightly wounded) Attack!
The orc barely misses your rat zombie.
Your rat zombie bites the orc priest but does no damage.
The orc priest closely misses you. The orc hits you but does no damage.
You completely miss the orc priest. The orc barely misses your rat zombie.
The orc closely misses you.
The orc priest hits you with a +0 flail.
* * * LOW HITPOINT WARNING * * *
You swap places.
Your rat zombie bites the orc priest but does no damage.
Your leopard gecko zombie barely misses the orc priest.
The orc hits your rat zombie with a +0 whip.
The orc hits your rat zombie with a cursed -3 flail.
Your rat zombie is destroyed!
You hear the rusting of a very distant drain.
The orc priest closely misses your leopard gecko zombie.
Your leopard gecko zombie bites the orc priest.
The orc hits your leopard gecko zombie with a +0 whip.
The orc priest invokes the aid of Beogh against you.
Beogh smites you!
You die...

#.####Z###..# ###.##
#.##...#####..##
#..#...##.......
##...#.##.^.....
#..##.##.......
###Z.##..#.......
##...<###.#.......
#.Z##.# .........
#####@######...#.#####
#####oZ...>..........
#....>oo...###..######
..##...##### # #...##
#... #.. ##


You could see an orc priest, 2 orcs, a friendly leopard gecko zombie and 2
friendly dart slug zombies.

Vanquished Creatures
  A scorpion (D:2)
  Terence (D:2)
  2 adders (D:2)
  2 dart slugs (D:3)
  5 leopard geckos
  A ball python (D:3)
  2 giant cockroaches
  8 goblins
  4 hobgoblins
  2 quokkas (D:2)
  6 bats
  3 frilled lizards
  6 kobolds
  8 rats
51 creatures vanquished.

Notes
Turn   | Place    | Note
-------+----------+-------------------------------------------
     0 | D:1      | vurker the Vampire Necromancer began the quest for the Orb.
     0 | D:1      | Reached XP level 1. HP: 13/13 MP: 3/3
   325 | D:1      | Reached XP level 2. HP: 20/20 MP: 3/5
   881 | D:2      | Found a blossoming altar of Fedhas.
   882 | D:2      | Found a white marble altar of Elyvilon.
  1014 | D:2      | Reached XP level 3. HP: 25/25 MP: 4/6
  1078 | D:2      | Reached skill level 1 in Fighting
  1339 | D:2      | Reached skill level 5 in Necromancy
  1418 | D:2      | Found a stormy altar of Qazlal.
  1537 | D:2      | Noticed a scorpion
  1544 | D:2      | Killed a scorpion
  1544 | D:2      | Reached skill level 1 in Polearms
  1544 | D:2      | Reached XP level 4. HP: 29/32 MP: 2/8
  1700 | D:2      | Noticed Terence
  1795 | D:1      | Learned a level 4 spell: Animate Dead
  1799 | D:1      | Learned a level 3 spell: Vampiric Draining
  1857 | D:2      | Killed Terence
  2106 | D:3      | Reached XP level 5. HP: 37/37 MP: 7/9
  2358 | D:3      | Killed from afar by an orc priest

Illustrated notes

Levels and vault maps discovered:
D:1:      dpeg_arrival_morbid_curiosity, layout_basic
D:2:      layout_loops_ring, grunt_qazlal_sundering,
          gammafunk_temple_overflow_statue, hangedman_abyss_or_decor_stabs,
          uniq_terence
D:3:      layout_rooms, gup_sewer_entry_pipe, first_ration,
          minmay_misc_feat_enclosed

Skill      XL: |  1  2  3 |
---------------+----------+-----
Fighting       | 1 |  1.4
Necromancy     | 5 |  5.4
Polearms       | 1 |  1.2
Spellcasting   | 3 |  3.3
Dodging        | |  2.1
Stealth        | |  3.0

Action                   |  1- 3 |  4- 6 || total
-------------------------+-------+-------++-------
Melee: Spear             |    20 |    13 ||    33
       Bite              |     1 |     1 ||     2
 Cast: Pain              |    58 |    26 ||    84
       Vampiric Draining |       |     1 ||     1
       Animate Dead      |       |     2 ||     2
  Use: Scroll            |     5 |     1 ||     6
Armor: Robe              |     1 |       ||     1
       Leather armour    |     7 |     5 ||    12
Dodge: Dodged            |    24 |    16 ||    40

Table legend:
 A = Non-vault XP
 B = Vault XP
 C = Vault XP percentage of total XP
 D = Non-vault monster count
 E = Vault monster count
 F = Vault count percentage of total count
                 A         B        C        D         E       F
            +---------+---------+-------+---------+---------+-------
      Total |     168 |      45 |  21.1 |      45 |       6 |  11.8
            +---------+---------+-------+---------+---------+-------
        D:1 |      20 |       9 |  31.0 |      14 |       5 |  26.3
        D:2 |     130 |      36 |  21.7 |      23 |       1 |   4.2
        D:3 |      18 |       0 |   0.0 |       8 |       0 |   0.0
            +---------+---------+-------+---------+---------+-------
